Workbook
Name All_Cat: '[1]Firmwide and International'!$B$33:$B$73
Name Auditor_Type: #REF!
Name Engagement: '[1]Firmwide and International'!$K$6:$K$32
Name Firmwide: '[1]Firmwide and International'!$B$6:$B$20

Sheet Introduction
B6: DOTAZNÍK PRO VÝBORY PRO AUDIT
B24: QUESTIONNAIRE FOR AUDIT COMMITTEES

Sheet Reference period

Sheet Instructions

Sheet AC Questionnaire
B1: Audit Committee questionnaire
B2: A | C2: Questionnaire population | D2: Please fill in below | E2: Options | G2: HELP
A3: 1A | B3: 1 | C3: Name of the entity
A4: 2A | B4: 2 | C4: Reference period
A5: 3Aa | B5: 3 | C5: Name of the audit committee chairman
A6: 3Ab | C6: E-mail of the audit committee chairman
A7: 3Ac | C7: Name of the person who completed this questionnaire
A8: 4A | B8: 4 | C8: Number of employees of the Audit Committee entity | D8: 1 to 9 | G8: select answer
D9: 10 to 49
D10: 50 to 249
D11: 250 to 499
D12: More than 500
A13: 5A | B13: 5 | C13: Main economic Activity of the Audit Committee entity | D13: Accommodation and food | G13: select answer
D14: Consumer goods
D15: Energy
D16: Healthcare
D17: Financial services - Banking
D18: Financial services - Insurance
D19: Financial services - other
D20: Manufacturing
D21: Information technology
D22: Materials
D23: Real Estate
D24: Telecommunication
D25: Travel, Leisure & Hospitality
... D27: Wholesale and retail
D28: Other (please provide detail) | F28: [please insert your comment here]
A29: 6A | B29: 6 | C29: Total number of audit committee members | D29: <3 | G29: select answer
D30: 3
D31: 4
D32: 5
D33: >5
D34: N/A
A35: 7A1 | B35: 7 | C35: Audit committee members have relevant experience in the following: | D35: Financial reporting | G35: select answer multiple options (column E)
A36: 7A2 | D36: Audit
A37: 7A3 | D37: Industry Experience (management experience, excluding experience sitting on audit committees within the industry)
C39: Question Number as per AC questionnaire | D39: Question Sub-options | F39: Replies received at national level | G39: HELP
B40: I | C40: Interaction with the administrative or supervisory body
A41: 1Ia | B41: 1 | C41: How many times during the reference period did the audit committee meet with the administrative body and/or supervisory body of the entity to communicate on its activities, issues and related recommendations in respect to the statutory audit? (Art 39.6a of AUD) (please use the comments box to provide further detail) | D41: 1.0.a Total (Administrative Body) | G41: select answer
D42: 1.1. Never (please specify) | F42: [please insert your comment here]
D43: 1.2. Once
D44: 1.3. Twice
D45: 1.4. 3 times
D46: 1.5. Quarterly
D47: 1.6. 5 times
D48: 1.7. 6 times
D49: 1.8. 7 times
D50: 1.9. 8 times
D51: 1.10 More than 8 times
D52: 1.11. Other items to be reported (if applicable) [please comment] | F52: [please insert your comment here]
A53: 1Ib | D53: 1.0.b Total (Supervisory Body) | G53: select answer
D54: 1.1. Never (please specify) | F54: [please insert your comment here]
D55: 1.2. Once
D56: 1.3. Twice
D57: 1.4. 3 times
D58: 1.5. Quarterly
D59: 1.6. 5 times
D60: 1.7. 6 times
D61: 1.8. 7 times
D62: 1.9. 8 times
D63: 1.10 More than 8 times
D64: 1.11. Other items to be reported (if applicable) [please comment] | F64: [please insert your comment here]
A66: 2Ia | B66: 2 | C66: How did the audit committee communicate the outcome of the audit to the administrative and/or supervisory body of the entity? (Art 39.6.a of AUD) (please use the comments box to provide further detail) | D66: 2.0.a Total (Administrative Body) | G66: select answer
D67: 2.1. Verbally in meetings where management was present
D68: 2.2 Verbally in meetings where management was not present
D69: 2.3 In a written report
D70: 2.4 Other (please specify) | F70: [please insert your comment here]
D71: 2.5 N/A (please comment/explain) | F71: [please insert your comment here]
D72: 2.6. Did not communicate the outcome
A73: 2Ib | D73: 2.0.b Total (Supervisory Body) | G73: select answer
D74: 2.1. Verbally in meetings where management was present
D75: 2.2 Verbally in meetings where management was not present
D76: 2.3 In a written report
D77: 2.4 Other (please specify) | F77: [please insert your comment here]
D78: 2.5 N/A (please comment/explain) | F78: [please insert your comment here]
D79: 2.6. Did not communicate the outcome
A81: 3I | B81: 3 | C81: During meetings with the administrative or supervisory body, how much time was spent (in total percentage of hours) on matters related to the outcome and monitoring of the audit? | D81: 3.0. Total | G81: select answer
D82: 3.1. Did not spent time on matters related to the outcome and monitoring of the audit
D83: 3.2. Less than 10% of the total of audit committee meeting time
D84: 3.3. Between 10% and 25% of the total of audit committee meeting time
D85: 3.4. Between 25% and 50% of the total audit committee meeting time
D86: 3.5. More than 50% of the total audit committee meeting time
D87: 3.6. Did not meet with the administrative or supervisory body
A89: 4I | B89: 4 | C89: Did the audit committee provide input or recommendations to the administrative or supervisory body in respect of the following areas? (please use the comments box to provide further detail) | D89: 4.0. Total
A90: 4I1 | D90: 4.1. Risk Management Analysis/Internal Controls | G90: select answer multiple options (column E)
A91: 4I2 | D91: 4.2. Regulatory compliance assessment
A92: 4I3 | D92: 4.3. Cybersecurity
A93: 4I4 | D93: 4.4. Funding & Liquidity Decisions
A94: 4I5 | D94: 4.5. Preparation of financial statements
A95: 4I6 | D95: 4.6. No input/recommendation made (please comment/explain) | F95: [please insert your comment here]
A96: 4I7 | D96: 4.7. Other areas for recommendation (please comment/explain) | F96: [please insert your comment here]
B97: II | C97: Independence including permitted non-audit services and fees cap
A99: 5II | B99: 5 | C99: How did the audit committee monitor the independence of the statutory auditor(s)/audit firm during the reference period? (please use the comments box to provide further detail) | D99: 5.0. Total
A100: 5II1 | D100: 5.1. Written representation obtained from the statutory auditor(s) (or the audit firm(s)) confirming that the statutory auditor(s), the audit firm(s) and partners, senior managers and managers, conducting the statutory audit were independent of the entity | G100: select answer multiple options (column E)
A101: 5II2 | D101: 5.2. Formal discussion between the statutory auditor (or the audit firm) of the entity and the audit committee on the threats to the auditor's independence as well as safeguards applied to mitigate those threats (if so, at which date)
A102: 5II3 | D102: 5.3. Use of a specific questionnaire to get more information from the statutory auditor (or audit firm)
A103: 5II4 | D103: 5.4. Other (please specify) | F103: [please insert your comment here]
A104: 5II5 | D104: 5.5. The audit committee did not perform any action to monitor the independence (please comment/explain) | F104: [please insert your comment here]
C105: Provision of non-audit services by the statutory auditor/audit firm (or any member of its network)
A107: 6II | B107: 6 | C107: Did the audit committee set further criteria limiting the provision of non audit services that would be permissible under the EU Audit Regulation or local legislation? (please use the comments box to provide further detail) | D107: 6.0. Total | G107: select answer
...

Sheet Czech translation only
B1: Dotazník - výbor pro audit/kontrolní orgán subjektu
B2: A | C2: Dotazník | D2: Možnosti | F2: Zákon č. 93/2009 Sb.
B3: 1 | C3: Název subjektu
B4: 2 | C4: Sledované období
B5: 3 | C5: Jméno předsedy
C6: E-mail předsedy
C7: Jméno osoby, která dotazník vyplnila
B8: 4 | C8: Počet zaměstnanců v subjektu | D8: 1 až 9
D9: 10 až 49
D10: 50 až 249
D11: 250 až 499
D12: Víc než 500
B13: 5 | C13: Oblast působnosti subjektu | D13: Ubytování a strava
D14: Spotřební zboží
D15: Energie
D16: Zdravotní péče
D17: Finanční služby – bankovnictví
D18: Finanční služby – pojištovnictví
D19: Finanční služby – ostatní
D20: Výroba
D21: Informační technologie
D22: Těžba a zpracování surovin
D23: Nemovitosti
D24: Telekomunikace
D25: Cestování, volný čas a pohostinství
... D28: Jiné (uveďte):
B29: 6 | C29: Počet členů výboru pro audit/kontrolního orgánu | D29: <3
D30: 3
D31: 4
D32: 5
D33: >5
D34: N/A
B35: 7 | C35: Členové výboru pro audit mají relevantní zkušenosti v následujících oblastech: | D35: Finanční reporting
D36: Audit
D37: Zkušenosti v oboru (zkušenosti s řízením, s výjimkou zkušeností v orgánech pro audit v daném odvětví)
C39: Číslo otázky | D39: Dílčí možnosti otázky
B40: I | C40: Interakce s řídicím nebo kontrolním orgánem
B41: 1 | C41: Kolikrát se během sledovaného období setkal výbor pro audit se řídicím orgánem a/nebo kontrolním orgánem subjektu, aby s ním komunikoval o jeho činnosti, otázkách a souvisejících doporučeních týkajících se povinného auditu? (čl. 39 odst. 6a Směrnice) (Pro poskytnutí dalších podrobností použijte prosím pole pro komentáře) | D41: 1.0.a Celkem (řídicí orgán)
D42: 1.1. Nikdy (komentář)
D43: 1.2. 1x
D44: 1.3. 2x
D45: 1.4. 3x
D46: 1.5. Čtvrtletně
D47: 1.6. 5x
D48: 1.7. 6x
D49: 1.8. 7x
D50: 1.9. 8x
D51: 1.10 Více než 8x
D52: 1.11. Další položky, které mají být reportovány (je-li to relevantní) [komentář]
D53: 1.0.b Celkem (kontrolní orgán)
... D64: 1.11. Další položky, které mají být reportovány (je-li to relevantní) [komentář]
B66: 2 | C66: Jak výbor pro audit sdělil výsledek auditu řídicímu a/nebo kontrolnímu orgánu subjektu? (čl. 39.6.a Směrnice) (Pro poskytnutí dalších podrobností použijte prosím pole pro komentáře) | D66: 2.0.a Celkem (řídicí orgán)
D67: 2.1. Verbálně na schůzkách za přítomnosti vedení subjektu
D68: 2.2 Verbálně na schůzkách kde nebyl přítomen management
D69: 2.3 V písemné zprávě
D70: 2.4 Jiné (prosím specifikujte)
D71: 2.5 N/A (prosíme o vysvětlení)
D72: 2.6. Výsledky své práce nesdělil
D73: 2.0.b Celkem (kontrolní orgán)
D74: 2.1. Verbálně na schůzkách za přítomnosti vedení subjektu
D75: 2.2 Verbálně na schůzkách kde nebyl přítomen management
D76: 2.3 V písemné zprávě
D77: 2.4 Jiné (prosím specifikujte)
D78: 2.5 N/A (prosíme o vysvětlení)
D79: 2.6. Výsledky své práce nesdělil
B81: 3 | C81: Kolik času (v %) bylo během jednání s řídicím nebo kontrolním orgánem věnováno záležitostem souvisejícím s výsledkem a sledováním procesu povinného auditu? | D81: 3.0. Celkem
D82: 3.1. Nevěnoval čas záležitostem souvisejícím s výsledkem auditu a jeho sledováním
D83: 3.2. Méně než 10 % celkového času zasedání výboru pro audit
D84: 3.3. Mezi 10% a 25% z celkového času zasedání výboru pro audit
D85: 3.4. Mezi 25% a 50% z celkového času zasedání výboru pro audit
D86: 3.5. Více jak 50% z celkového času zasedání výboru pro audit
D87: 3.6. Nesetkal se s řídicím nebo kontrolním orgánem
B89: 4 | C89: Poskytl výbor pro audit řídicímu nebo kontrolnímu orgánu vstupy nebo doporučení týkající se následujících oblastí? (Pro poskytnutí dalších podrobností použijte prosím pole pro komentáře) | D89: 4.0. Celkem
D90: 4.1. Analýza řízení rizik / vnitřní kontroly
D91: 4.2. Posouzení souladu s předpisy
D92: 4.3. Kybernetická bezpečnost
D93: 4.4. Rozhodnutí o financování a likviditě
D94: 4.5. Sestavení účetní závěrky
D95: 4.6. Nebyly poskytnuty žádné vstupy/doporučení (prosíme vysvětlete)
D96: 4.7. Další oblasti pro doporučení (prosíme vysvětlete)
B97: II | C97: Nezávislost, včetně povolených neauditorských služeb a 70 % limit
B99: 5 | C99: Jak výbor pro audit sledoval nezávislost statutárního auditora (auditorů) / auditorské společnosti (společností) během sledovaného období? (Pro poskytnutí dalších podrobností použijte prosím pole pro komentáře) | D99: 5.0. Celkem
D100: 5.1. Písemné prohlášení získané od statutárního auditora (auditorů) (nebo auditorské společnosti (společností)) potvrzující, že statutární auditor (auditoři), auditorská společnost (společnosti) a partneři, a členové vyššího i nižšího vedení, kteří provádějí povinný audit, jsou na subjektu nezávislí
D101: 5.2. Formální diskuze mezi statutárním auditorem (nebo auditorskou společností) a výborem pro audit subjektu o ohrožení nezávislosti auditora, jakož i o zárukách uplatňovaných ke zmírnění těchto hrozeb (pokud ano, kdy)
D102: 5.3. Použití vlastního dotazníku pro získání informací od statutárního auditora (nebo auditorské společnosti)
D103: 5.4. Jiné (uveďte):
D104: 5.5. Výbor pro audit neprovedl žádné kroky týkající se sledování nezávislosti (prosíme o komentář/vysvětlení)
C105: Poskytování povolených neauditorských služeb statutárním auditorem/auditorskou společností (nebo kterýmkoli členem její sítě)
B107: 6 | C107: Stanovil výbor pro audit další kritéria omezující neauditorské služby, která by byla přípustná podle Nařízení nebo lokální legislativy? (Pro poskytnutí dalších podrobností použijte prosím pole pro komentáře) | D107: 6.0. Celkem
D108: 6.1. Ano
D109: 6.2. Ne
B111: 7 | C111: Kolik nabídek předložil statutární auditor (auditoři) / auditorská společnost (nebo kterýkoli člen její sítě) subjektu, jeho mateřskému a ovládanému podniku na poskytování neauditorských služeb během sledovaného období? (čl. 5 odst. 4 Nařízení) | D111: 7.0. Celkem
D112: 7.1. 0
D113: 7.2. 1-3
D114: 7.3. 4-6
D115: 7.4. 7-9
D116: 7.5. >9
B118: 7a | C118: Uveďte celkové odměny související s poskytováním navrhovaných neauditorských služeb jako % z celkové odměny za povinný audit. | D118: 7a.0 Celkem
D119: 7a.1. < 10%
D120: 7a.2. 10% - 20%
...

Sheet Summary
D1: Otázka | F1: Odpověď
A2: ='AC Questionnaire'!A3 -> 1A | D2: =VLOOKUP($A2,'AC Questionnaire'!$A:$G,3,0) -> Name of the entity | F2: =VLOOKUP($A2,'AC Questionnaire'!$A:$G,4,0) -> 0
A3: ='AC Questionnaire'!A4 -> 2A | D3: =VLOOKUP($A3,'AC Questionnaire'!$A:$G,3,0) -> Reference period | F3: =VLOOKUP($A3,'AC Questionnaire'!$A:$G,4,0) -> 0
A4: ='AC Questionnaire'!A5 -> 3Aa | D4: =VLOOKUP($A4,'AC Questionnaire'!$A:$G,3,0) -> Name of the audit committee chairman | F4: =VLOOKUP($A4,'AC Questionnaire'!$A:$G,4,0) -> 0
A5: ='AC Questionnaire'!A6 -> 3Ab | D5: =VLOOKUP($A5,'AC Questionnaire'!$A:$G,3,0) -> E-mail of the audit committee chairman | F5: =VLOOKUP($A5,'AC Questionnaire'!$A:$G,4,0) -> 0
A6: ='AC Questionnaire'!A7 -> 3Ac | D6: =VLOOKUP($A6,'AC Questionnaire'!$A:$G,3,0) -> Name of the person who completed this questionnaire | F6: =VLOOKUP($A6,'AC Questionnaire'!$A:$G,4,0) -> 0
A7: ='AC Questionnaire'!A8 -> 4A | D7: =VLOOKUP($A7,'AC Questionnaire'!$A:$G,3,0) -> Number of employees of the Audit Committee entity | F7: =VLOOKUP($A7,'AC Questionnaire'!$A:$G,6,0) -> 0
A8: ='AC Questionnaire'!A13 -> 5A | D8: =VLOOKUP($A8,'AC Questionnaire'!$A:$G,3,0) -> Main economic Activity of the Audit Committee entity | F8: =VLOOKUP($A8,'AC Questionnaire'!$A:$G,6,0) -> 0
A9: ='AC Questionnaire'!A29 -> 6A | D9: =VLOOKUP($A9,'AC Questionnaire'!$A:$G,3,0) -> Total number of audit committee members | F9: =VLOOKUP($A9,'AC Questionnaire'!$A:$G,6,0) -> 0
A10: ='AC Questionnaire'!A35 -> 7A1 | B10: ='AC Questionnaire'!A35 -> 7A1 | C10: =VLOOKUP($B10,'AC Questionnaire'!$A:$G,5,0) -> 0 | D10: =VLOOKUP($A10,'AC Questionnaire'!$A:$G,3,0) -> Audit committee members have relevant experience in the following: | F10: =IF(C10="x",VLOOKUP($B10,'AC Questionnaire'!$A:$G,4,0),"")
B11: ='AC Questionnaire'!A36 -> 7A2 | C11: =VLOOKUP($B11,'AC Questionnaire'!$A:$G,5,0) -> 0 | F11: =IF(C11="x",VLOOKUP($B11,'AC Questionnaire'!$A:$G,4,0),"")
B12: ='AC Questionnaire'!A37 -> 7A3 | C12: =VLOOKUP($B12,'AC Questionnaire'!$A:$G,5,0) -> 0 | F12: =IF(C12="x",VLOOKUP($B12,'AC Questionnaire'!$A:$G,4,0),"")
A13: ='AC Questionnaire'!A41 -> 1Ia | D13: =VLOOKUP($A13,'AC Questionnaire'!$A:$G,3,0) -> How many times during the reference period did the audit committee meet with the administrative body and/or supervisory body of the entity to communicate on its activities, issues and related recommendations in respect to the statutory audit? (Art 39.6a of AUD) (please use the comments box to provide further detail) | E13: =VLOOKUP($A13,'AC Questionnaire'!$A:$G,4,0) -> 1.0.a Total (Administrative Body) | F13: =VLOOKUP($A13,'AC Questionnaire'!$A:$G,6,0) -> 0
A14: ='AC Questionnaire'!A53 -> 1Ib | E14: =VLOOKUP($A14,'AC Questionnaire'!$A:$G,4,0) -> 1.0.b Total (Supervisory Body) | F14: =VLOOKUP($A14,'AC Questionnaire'!$A:$G,6,0) -> 0
A15: ='AC Questionnaire'!A66 -> 2Ia | D15: =VLOOKUP($A15,'AC Questionnaire'!$A:$G,3,0) -> How did the audit committee communicate the outcome of the audit to the administrative and/or supervisory body of the entity? (Art 39.6.a of AUD) (please use the comments box to provide further detail) | E15: =VLOOKUP($A15,'AC Questionnaire'!$A:$G,4,0) -> 2.0.a Total (Administrative Body) | F15: =VLOOKUP($A15,'AC Questionnaire'!$A:$G,6,0) -> 0
A16: ='AC Questionnaire'!A73 -> 2Ib | E16: =VLOOKUP($A16,'AC Questionnaire'!$A:$G,4,0) -> 2.0.b Total (Supervisory Body) | F16: =VLOOKUP($A16,'AC Questionnaire'!$A:$G,6,0) -> 0
A17: ='AC Questionnaire'!A81 -> 3I | D17: =VLOOKUP($A17,'AC Questionnaire'!$A:$G,3,0) -> During meetings with the administrative or supervisory body, how much time was spent (in total percentage of hours) on matters related to the outcome and monitoring of the audit? | F17: =VLOOKUP($A17,'AC Questionnaire'!$A:$G,6,0) -> 0
A18: ='AC Questionnaire'!A89 -> 4I | B18: ='AC Questionnaire'!A90 -> 4I1 | C18: =VLOOKUP($B18,'AC Questionnaire'!$A:$G,5,0) -> 0 | D18: =VLOOKUP($A18,'AC Questionnaire'!$A:$G,3,0) -> Did the audit committee provide input or recommendations to the administrative or supervisory body in respect of the following areas? (please use the comments box to provide further detail) | F18: =IF(C18="x",VLOOKUP($B18,'AC Questionnaire'!$A:$G,4,0),"")
B19: ='AC Questionnaire'!A91 -> 4I2 | C19: =VLOOKUP($B19,'AC Questionnaire'!$A:$G,5,0) -> 0 | F19: =IF(C19="x",VLOOKUP($B19,'AC Questionnaire'!$A:$G,4,0),"")
B20: ='AC Questionnaire'!A92 -> 4I3 | C20: =VLOOKUP($B20,'AC Questionnaire'!$A:$G,5,0) -> 0 | F20: =IF(C20="x",VLOOKUP($B20,'AC Questionnaire'!$A:$G,4,0),"")
B21: ='AC Questionnaire'!A93 -> 4I4 | C21: =VLOOKUP($B21,'AC Questionnaire'!$A:$G,5,0) -> 0 | F21: =IF(C21="x",VLOOKUP($B21,'AC Questionnaire'!$A:$G,4,0),"")
B22: ='AC Questionnaire'!A94 -> 4I5 | C22: =VLOOKUP($B22,'AC Questionnaire'!$A:$G,5,0) -> 0 | F22: =IF(C22="x",VLOOKUP($B22,'AC Questionnaire'!$A:$G,4,0),"")
B23: ='AC Questionnaire'!A95 -> 4I6 | C23: =VLOOKUP($B23,'AC Questionnaire'!$A:$G,5,0) -> 0 | F23: =IF(C23="x",VLOOKUP($B23,'AC Questionnaire'!$A:$G,4,0),"")
B24: ='AC Questionnaire'!A96 -> 4I7 | C24: =VLOOKUP($B24,'AC Questionnaire'!$A:$G,5,0) -> 0 | F24: =IF(C24="x",VLOOKUP($B24,'AC Questionnaire'!$A:$G,4,0),"")
A25: ='AC Questionnaire'!A99 -> 5II | B25: ='AC Questionnaire'!A100 -> 5II1 | C25: =VLOOKUP($B25,'AC Questionnaire'!$A:$G,5,0) -> 0 | D25: =VLOOKUP($A25,'AC Questionnaire'!$A:$G,3,0) -> How did the audit committee monitor the independence of the statutory auditor(s)/audit firm during the reference period? (please use the comments box to provide further detail) | F25: =IF(C25="x",VLOOKUP($B25,'AC Questionnaire'!$A:$G,4,0),"")
B26: ='AC Questionnaire'!A101 -> 5II2 | C26: =VLOOKUP($B26,'AC Questionnaire'!$A:$G,5,0) -> 0 | F26: =IF(C26="x",VLOOKUP($B26,'AC Questionnaire'!$A:$G,4,0),"")
B27: ='AC Questionnaire'!A102 -> 5II3 | C27: =VLOOKUP($B27,'AC Questionnaire'!$A:$G,5,0) -> 0 | F27: =IF(C27="x",VLOOKUP($B27,'AC Questionnaire'!$A:$G,4,0),"")
B28: ='AC Questionnaire'!A103 -> 5II4 | C28: =VLOOKUP($B28,'AC Questionnaire'!$A:$G,5,0) -> 0 | F28: =IF(C28="x",VLOOKUP($B28,'AC Questionnaire'!$A:$G,4,0),"")
B29: ='AC Questionnaire'!A104 -> 5II5 | C29: =VLOOKUP($B29,'AC Questionnaire'!$A:$G,5,0) -> 0 | F29: =IF(C29="x",VLOOKUP($B29,'AC Questionnaire'!$A:$G,4,0),"")
A30: ='AC Questionnaire'!A107 -> 6II | D30: =VLOOKUP($A30,'AC Questionnaire'!$A:$G,3,0) -> Did the audit committee set further criteria limiting the provision of non audit services that would be permissible under the EU Audit Regulation or local legislation? (please use the comments box to provide further detail) | F30: =VLOOKUP($A30,'AC Questionnaire'!$A:$G,6,0) -> 0
A31: ='AC Questionnaire'!A111 -> 7II | D31: =VLOOKUP($A31,'AC Questionnaire'!$A:$G,3,0) -> How many proposals did the statutory auditor(s)/audit firm (or any member of its network) submit to the entity, its parent or controlled undertakings, for the provision of non-audit services during the reference period? (Art 5.4 of AUR) | F31: =VLOOKUP($A31,'AC Questionnaire'!$A:$G,6,0) -> 0
A32: ='AC Questionnaire'!A118 -> 7IIa | D32: =VLOOKUP($A32,'AC Questionnaire'!$A:$G,3,0) -> Please indicate the total fees relating to the provision of the proposed non-audit services as a percentage of total statutory audit fees | F32: =VLOOKUP($A32,'AC Questionnaire'!$A:$G,6,0) -> 0
A33: ='AC Questionnaire'!A128 -> 8II | D33: =VLOOKUP($A33,'AC Questionnaire'!$A:$G,3,0) -> Were all these proposals for non-audit services examined by the audit committee? (Art 5.4 of AUR) | F33: =VLOOKUP($A33,'AC Questionnaire'!$A:$G,6,0) -> 0
A34: ='AC Questionnaire'!A132 -> 8IIa | D34: =VLOOKUP($A34,'AC Questionnaire'!$A:$G,3,0) -> If no, why not? (please use the comments box to provide further detail) | F34: =VLOOKUP($A34,'AC Questionnaire'!$A:$G,6,0) -> 0
A35: ='AC Questionnaire'!A137 -> 8IIb | B35: ='AC Questionnaire'!A138 -> 8IIb1 | C35: =VLOOKUP($B35,'AC Questionnaire'!$A:$G,5,0) -> 0 | D35: =VLOOKUP($A35,'AC Questionnaire'!$A:$G,3,0) -> If yes, how was the examination of the proposals for non-audit services organised? (please use the comments box to provide further detail) | F35: =IF(C35="x",VLOOKUP($B35,'AC Questionnaire'!$A:$G,4,0),"")
B36: ='AC Questionnaire'!A139 -> 8IIb2 | C36: =VLOOKUP($B36,'AC Questionnaire'!$A:$G,5,0) -> 0 | F36: =IF(C36="x",VLOOKUP($B36,'AC Questionnaire'!$A:$G,4,0),"")
B37: ='AC Questionnaire'!A140 -> 8IIb3 | C37: =VLOOKUP($B37,'AC Questionnaire'!$A:$G,5,0) -> 0 | F37: =IF(C37="x",VLOOKUP($B37,'AC Questionnaire'!$A:$G,4,0),"")
B38: ='AC Questionnaire'!A141 -> 8IIb4 | C38: =VLOOKUP($B38,'AC Questionnaire'!$A:$G,5,0) -> 0 | F38: =IF(C38="x",VLOOKUP($B38,'AC Questionnaire'!$A:$G,4,0),"")
B39: ='AC Questionnaire'!A142 -> 8IIb5 | C39: =VLOOKUP($B39,'AC Questionnaire'!$A:$G,5,0) -> 0 | F39: =IF(C39="x",VLOOKUP($B39,'AC Questionnaire'!$A:$G,4,0),"")
B40: ='AC Questionnaire'!A143 -> 8IIb6 | C40: =VLOOKUP($B40,'AC Questionnaire'!$A:$G,5,0) -> 0 | F40: =IF(C40="x",VLOOKUP($B40,'AC Questionnaire'!$A:$G,4,0),"")
B41: ='AC Questionnaire'!A144 -> 8IIb7 | C41: =VLOOKUP($B41,'AC Questionnaire'!$A:$G,5,0) -> 0 | F41: =IF(C41="x",VLOOKUP($B41,'AC Questionnaire'!$A:$G,4,0),"")
A42: ='AC Questionnaire'!A146 -> 9II | D42: =VLOOKUP($A42,'AC Questionnaire'!$A:$G,3,0) -> Did the audit committee withhold the approval of any of these proposals for non-audit services during the reference period? (Art 5.4 of AUR)? (please use the comments box to provide further detail) | F42: =VLOOKUP($A42,'AC Questionnaire'!$A:$G,6,0) -> 0
A43: ='AC Questionnaire'!A151 -> 9IIa | D43: =VLOOKUP($A43,'AC Questionnaire'!$A:$G,3,0) -> If yes, what proportion of the number of proposals for non-audit services (mentioned in Q7) did the audit committee withhold approval? | F43: =VLOOKUP($A43,'AC Questionnaire'!$A:$G,6,0) -> 0
A44: ='AC Questionnaire'!A158 -> 9IIb | B44: ='AC Questionnaire'!A159 -> 9IIb1 | C44: =VLOOKUP($B44,'AC Questionnaire'!$A:$G,5,0) -> 0 | D44: =VLOOKUP($A44,'AC Questionnaire'!$A:$G,3,0) -> What were the reasons for withholding approval? (please use the comments box to provide further detail) | F44: =IF(C44="x",VLOOKUP($B44,'AC Questionnaire'!$A:$G,4,0),"")
B45: ='AC Questionnaire'!A160 -> 9IIb2 | C45: =VLOOKUP($B45,'AC Questionnaire'!$A:$G,5,0) -> 0 | F45: =IF(C45="x",VLOOKUP($B45,'AC Questionnaire'!$A:$G,4,0),"")
B46: ='AC Questionnaire'!A161 -> 9IIb3 | C46: =VLOOKUP($B46,'AC Questionnaire'!$A:$G,5,0) -> 0 | F46: =IF(C46="x",VLOOKUP($B46,'AC Questionnaire'!$A:$G,4,0),"")
B47: ='AC Questionnaire'!A162 -> 9IIb4 | C47: =VLOOKUP($B47,'AC Questionnaire'!$A:$G,5,0) -> 0 | F47: =IF(C47="x",VLOOKUP($B47,'AC Questionnaire'!$A:$G,4,0),"")
B48: ='AC Questionnaire'!A163 -> 9IIb5 | C48: =VLOOKUP($B48,'AC Questionnaire'!$A:$G,5,0) -> 0 | F48: =IF(C48="x",VLOOKUP($B48,'AC Questionnaire'!$A:$G,4,0),"")
A49: ='AC Questionnaire'!A165 -> 10II | B49: ='AC Questionnaire'!A166 -> 10II1 | C49: =VLOOKUP($B49,'AC Questionnaire'!$A:$G,5,0) -> 0 | D49: =VLOOKUP($A49,'AC Questionnaire'!$A:$G,3,0) -> How did the audit committee oversee that the entity’s management ensured that the non-audit services provided by the statutory auditor(s) (or any member of its network) were consistent with the approved non-audit services (nature and fees)? (please use the comments box to provide further detail) | F49: =IF(C49="x",VLOOKUP($B49,'AC Questionnaire'!$A:$G,4,0),"")
B50: ='AC Questionnaire'!A167 -> 10II2 | C50: =VLOOKUP($B50,'AC Questionnaire'!$A:$G,5,0) -> 0 | F50: =IF(C50="x",VLOOKUP($B50,'AC Questionnaire'!$A:$G,4,0),"")
B51: ='AC Questionnaire'!A168 -> 10II3 | C51: =VLOOKUP($B51,'AC Questionnaire'!$A:$G,5,0) -> 0 | F51: =IF(C51="x",VLOOKUP($B51,'AC Questionnaire'!$A:$G,4,0),"")
B52: ='AC Questionnaire'!A169 -> 10II4 | C52: =VLOOKUP($B52,'AC Questionnaire'!$A:$G,5,0) -> 0 | F52: =IF(C52="x",VLOOKUP($B52,'AC Questionnaire'!$A:$G,4,0),"")
B53: ='AC Questionnaire'!A170 -> 10II5 | C53: =VLOOKUP($B53,'AC Questionnaire'!$A:$G,5,0) -> 0 | F53: =IF(C53="x",VLOOKUP($B53,'AC Questionnaire'!$A:$G,4,0),"")
A54: ='AC Questionnaire'!A173 -> 11II | B54: ='AC Questionnaire'!A174 -> 11II1 | C54: =VLOOKUP($B54,'AC Questionnaire'!$A:$G,5,0) -> 0 | D54: =VLOOKUP($A54,'AC Questionnaire'!$A:$G,3,0) -> How did the audit committee monitor the amount of non-audit services related fees paid to the statutory auditor(s)/audit firm? (Art. 4.2 of AUR) (please use the comments box to provide further detail) | F54: =IF(C54="x",VLOOKUP($B54,'AC Questionnaire'!$A:$G,4,0),"")
B55: ='AC Questionnaire'!A175 -> 11II2 | C55: =VLOOKUP($B55,'AC Questionnaire'!$A:$G,5,0) -> 0 | F55: =IF(C55="x",VLOOKUP($B55,'AC Questionnaire'!$A:$G,4,0),"")
B56: ='AC Questionnaire'!A176 -> 11II3 | C56: =VLOOKUP($B56,'AC Questionnaire'!$A:$G,5,0) -> 0 | F56: =IF(C56="x",VLOOKUP($B56,'AC Questionnaire'!$A:$G,4,0),"")
B57: ='AC Questionnaire'!A177 -> 11II4 | C57: =VLOOKUP($B57,'AC Questionnaire'!$A:$G,5,0) -> 0 | F57: =IF(C57="x",VLOOKUP($B57,'AC Questionnaire'!$A:$G,4,0),"")
A58: ='AC Questionnaire'!A179 -> 11IIa | D58: =VLOOKUP($A58,'AC Questionnaire'!$A:$G,3,0) -> Where applicable, did the audit committee monitor the amount of non-audit services related fees paid to members of the networks to which the statutory auditors belong? (please use the comments box to provide further detail) | F58: =VLOOKUP($A58,'AC Questionnaire'!$A:$G,6,0) -> 0
A59: ='AC Questionnaire'!A183 -> 12II | B59: ='AC Questionnaire'!A184 -> 12II1 | C59: =VLOOKUP($B59,'AC Questionnaire'!$A:$G,5,0) -> 0 | D59: =VLOOKUP($A59,'AC Questionnaire'!$A:$G,3,0) -> Did the audit committee set a non-audit services fee cap lower than 70% for their monitoring, and if so, at what percentage? (please use the comments box to provide further detail) | F59: =VLOOKUP($A59,'AC Questionnaire'!$A:$G,6,0) -> 0
B60: ='AC Questionnaire'!A185 -> 12II2 | C60: =VLOOKUP($B60,'AC Questionnaire'!$A:$G,5,0) -> 0
B61: ='AC Questionnaire'!A186 -> 12II3 | C61: =VLOOKUP($B61,'AC Questionnaire'!$A:$G,5,0) -> 0
B62: ='AC Questionnaire'!A187 -> 12II4 | C62: =VLOOKUP($B62,'AC Questionnaire'!$A:$G,5,0) -> 0
B63: ='AC Questionnaire'!A188 -> 12II5 | C63: =VLOOKUP($B63,'AC Questionnaire'!$A:$G,5,0) -> 0
A64: ='AC Questionnaire'!A192 -> 13II | D64: =VLOOKUP($A64,'AC Questionnaire'!$A:$G,3,0) -> Did the audit committee perform a review of the calculation made by the entity in relation with the permitted non-audit services fee cap of 70% in the reference period of the survey? (please use the comments box to provide further detail) | F64: =VLOOKUP($A64,'AC Questionnaire'!$A:$G,6,0) -> 0
A65: ='AC Questionnaire'!A197 -> 13IIa | B65: ='AC Questionnaire'!A198 -> 13IIa1 | C65: =VLOOKUP($B65,'AC Questionnaire'!$A:$G,5,0) -> 0 | D65: =VLOOKUP($A65,'AC Questionnaire'!$A:$G,3,0) -> If yes, how did the audit committee assess the completeness and accuracy of the data used for this calculation in the reference period of the survey? (please use the comments box to provide further detail) | F65: =IF(C65="x",VLOOKUP($B65,'AC Questionnaire'!$A:$G,4,0),"")
B66: ='AC Questionnaire'!A199 -> 13IIa2 | C66: =VLOOKUP($B66,'AC Questionnaire'!$A:$G,5,0) -> 0 | F66: =IF(C66="x",VLOOKUP($B66,'AC Questionnaire'!$A:$G,4,0),"")
B67: ='AC Questionnaire'!A200 -> 13IIa3 | C67: =VLOOKUP($B67,'AC Questionnaire'!$A:$G,5,0) -> 0 | F67: =IF(C67="x",VLOOKUP($B67,'AC Questionnaire'!$A:$G,4,0),"")
B68: ='AC Questionnaire'!A201 -> 13IIa4 | C68: =VLOOKUP($B68,'AC Questionnaire'!$A:$G,5,0) -> 0 | F68: =IF(C68="x",VLOOKUP($B68,'AC Questionnaire'!$A:$G,4,0),"")
B69: ='AC Questionnaire'!A202 -> 13IIa5 | C69: =VLOOKUP($B69,'AC Questionnaire'!$A:$G,5,0) -> 0 | F69: =IF(C69="x",VLOOKUP($B69,'AC Questionnaire'!$A:$G,4,0),"")
B70: ='AC Questionnaire'!A203 -> 13IIa6 | C70: =VLOOKUP($B70,'AC Questionnaire'!$A:$G,5,0) -> 0 | F70: =IF(C70="x",VLOOKUP($B70,'AC Questionnaire'!$A:$G,4,0),"")
B71: ='AC Questionnaire'!A204 -> 13IIa7 | C71: =VLOOKUP($B71,'AC Questionnaire'!$A:$G,5,0) -> 0 | F71: =IF(C71="x",VLOOKUP($B71,'AC Questionnaire'!$A:$G,4,0),"")
B72: ='AC Questionnaire'!A205 -> 13IIa8 | C72: =VLOOKUP($B72,'AC Questionnaire'!$A:$G,5,0) -> 0 | F72: =IF(C72="x",VLOOKUP($B72,'AC Questionnaire'!$A:$G,4,0),"")
A73: ='AC Questionnaire'!A207 -> 13IIb | D73: =VLOOKUP($A73,'AC Questionnaire'!$A:$G,3,0) -> At what level is the audit committee monitoring the calculations made by the entity to ensure compliance with non-audit services fee cap in the reference period of the survey? (please use the comments box to provide further detail) | F73: =VLOOKUP($A73,'AC Questionnaire'!$A:$G,6,0) -> 0
A74: ='AC Questionnaire'!A213 -> 13IIc | D74: =VLOOKUP($A74,'AC Questionnaire'!$A:$G,3,0) -> What was the level of non-audit services fee cap reached by the statutory auditor(s)/audit firm in the last calculation during the reference period of the survey? | F74: =VLOOKUP($A74,'AC Questionnaire'!$A:$G,6,0) -> 0
A75: ='AC Questionnaire'!A226 -> 14III | D75: =VLOOKUP($A75,'AC Questionnaire'!$A:$G,3,0) -> Did either of the following occur during the reference period: - appointment of (a) new statutory auditor(s)/audit firm or - reappointment of the previous statutory auditor(s)/audit firm after a tendering process was performed? (Art 16.3 of AUR)? | F75: =VLOOKUP($A75,'AC Questionnaire'!$A:$G,6,0) -> 0
A76: ='AC Questionnaire'!A231 -> 14IIIa | D76: =VLOOKUP($A76,'AC Questionnaire'!$A:$G,3,0) -> Why did the entity commence an auditor selection process? (please use the comments box to provide further detail) | F76: =VLOOKUP($A76,'AC Questionnaire'!$A:$G,6,0) -> 0
A77: ='AC Questionnaire'!A237 -> 14IIIb | D77: =VLOOKUP($A77,'AC Questionnaire'!$A:$G,3,0) -> If a new statutory auditor(s)/audit firm was appointed how long had the previous auditor been in place? | F77: =VLOOKUP($A77,'AC Questionnaire'!$A:$G,6,0) -> 0
A78: ='AC Questionnaire'!A245 -> 15III | D78: =VLOOKUP($A78,'AC Questionnaire'!$A:$G,3,0) -> If a tendering process was performed in the reference period, how long before the appointment of the new statutory auditor(s)/audit firm or reappointment of the previous statutory auditor(s)/audit firm has the AC started the tendering process? | F78: =VLOOKUP($A78,'AC Questionnaire'!$A:$G,6,0) -> 0
A79: ='AC Questionnaire'!A253 -> 16III | B79: ='AC Questionnaire'!A254 -> 16III1 | C79: =VLOOKUP($B79,'AC Questionnaire'!$A:$G,5,0) -> 0 | D79: =VLOOKUP($A79,'AC Questionnaire'!$A:$G,3,0) -> What tasks did the audit committee undertake as part of the selection procedure? (Art 16.3 of AUR) (please use the comments box to provide further detail) | F79: =IF(C79="x",VLOOKUP($B79,'AC Questionnaire'!$A:$G,4,0),"")
B80: ='AC Questionnaire'!A255 -> 16III2 | C80: =VLOOKUP($B80,'AC Questionnaire'!$A:$G,5,0) -> 0 | F80: =IF(C80="x",VLOOKUP($B80,'AC Questionnaire'!$A:$G,4,0),"")
B81: ='AC Questionnaire'!A256 -> 16III3 | C81: =VLOOKUP($B81,'AC Questionnaire'!$A:$G,5,0) -> 0 | F81: =IF(C81="x",VLOOKUP($B81,'AC Questionnaire'!$A:$G,4,0),"")
B82: ='AC Questionnaire'!A257 -> 16III4 | C82: =VLOOKUP($B82,'AC Questionnaire'!$A:$G,5,0) -> 0 | F82: =IF(C82="x",VLOOKUP($B82,'AC Questionnaire'!$A:$G,4,0),"")
B83: ='AC Questionnaire'!A258 -> 16III5 | C83: =VLOOKUP($B83,'AC Questionnaire'!$A:$G,5,0) -> 0 | F83: =IF(C83="x",VLOOKUP($B83,'AC Questionnaire'!$A:$G,4,0),"")
B84: ='AC Questionnaire'!A259 -> 16III6 | C84: =VLOOKUP($B84,'AC Questionnaire'!$A:$G,5,0) -> 0 | F84: =IF(C84="x",VLOOKUP($B84,'AC Questionnaire'!$A:$G,4,0),"")
B85: ='AC Questionnaire'!A260 -> 16III7 | C85: =VLOOKUP($B85,'AC Questionnaire'!$A:$G,5,0) -> 0 | F85: =IF(C85="x",VLOOKUP($B85,'AC Questionnaire'!$A:$G,4,0),"")
B86: ='AC Questionnaire'!A261 -> 16III8 | C86: =VLOOKUP($B86,'AC Questionnaire'!$A:$G,5,0) -> 0 | F86: =IF(C86="x",VLOOKUP($B86,'AC Questionnaire'!$A:$G,4,0),"")
B87: ='AC Questionnaire'!A262 -> 16III9 | C87: =VLOOKUP($B87,'AC Questionnaire'!$A:$G,5,0) -> 0 | F87: =IF(C87="x",VLOOKUP($B87,'AC Questionnaire'!$A:$G,4,0),"")
B88: ='AC Questionnaire'!A263 -> 16III10 | C88: =VLOOKUP($B88,'AC Questionnaire'!$A:$G,5,0) -> 0 | F88: =IF(C88="x",VLOOKUP($B88,'AC Questionnaire'!$A:$G,4,0),"")
B89: ='AC Questionnaire'!A264 -> 16III11 | C89: =VLOOKUP($B89,'AC Questionnaire'!$A:$G,5,0) -> 0 | F89: =IF(C89="x",VLOOKUP($B89,'AC Questionnaire'!$A:$G,4,0),"")
A90: ='AC Questionnaire'!A266 -> 17III | D90: =VLOOKUP($A90,'AC Questionnaire'!$A:$G,3,0) -> How many statutory auditors/ audit firms were invited to participate in the tender? (Art 16.3 of AUR)? | F90: =VLOOKUP($A90,'AC Questionnaire'!$A:$G,6,0) -> 0
A91: ='AC Questionnaire'!A274 -> 18III | D91: =VLOOKUP($A91,'AC Questionnaire'!$A:$G,3,0) -> Did the entity make public the (request for) tender to allow non-invited statutory auditors/audit firms to participate? (please use the comments box to provide further detail) | F91: =VLOOKUP($A91,'AC Questionnaire'!$A:$G,6,0) -> 0
A92: ='AC Questionnaire'!A278 -> 18IIIa | D92: =VLOOKUP($A92,'AC Questionnaire'!$A:$G,3,0) -> If yes, how did the entity make public the request for tender? (please use the comments box to provide further detail) | F92: =VLOOKUP($A92,'AC Questionnaire'!$A:$G,6,0) -> 0
A93: ='AC Questionnaire'!A286 -> 19III | D93: =VLOOKUP($A93,'AC Questionnaire'!$A:$G,3,0) -> How did the audit committee ensure that smaller statutory auditors/audit firms (with less than a 15% share of PIE audit fee income in the member state) were not prevented from participating? (Art 16.3a of AUR) (please use the comments box to provide further detail) | F93: =VLOOKUP($A93,'AC Questionnaire'!$A:$G,6,0) -> 0
A94: ='AC Questionnaire'!A292 -> 20III | D94: =VLOOKUP($A94,'AC Questionnaire'!$A:$G,3,0) -> How was the tender documentation communicated by the entity? | F94: =VLOOKUP($A94,'AC Questionnaire'!$A:$G,6,0) -> 0
A95: ='AC Questionnaire'!A297 -> 21III | B95: ='AC Questionnaire'!A298 -> 21III1 | C95: =VLOOKUP($B95,'AC Questionnaire'!$A:$G,5,0) -> 0 | D95: =VLOOKUP($A95,'AC Questionnaire'!$A:$G,3,0) -> What information about the entity was provided to the statutory auditor(s)/audit firm(s) as part of the tender process? (Art 16.3.b) of AUR) (please use the comments box to provide further detail) | F95: =IF(C95="x",VLOOKUP($B95,'AC Questionnaire'!$A:$G,4,0),"")
B96: ='AC Questionnaire'!A299 -> 21III2 | C96: =VLOOKUP($B96,'AC Questionnaire'!$A:$G,5,0) -> 0 | F96: =IF(C96="x",VLOOKUP($B96,'AC Questionnaire'!$A:$G,4,0),"")
B97: ='AC Questionnaire'!A300 -> 21III3 | C97: =VLOOKUP($B97,'AC Questionnaire'!$A:$G,5,0) -> 0 | F97: =IF(C97="x",VLOOKUP($B97,'AC Questionnaire'!$A:$G,4,0),"")
B98: ='AC Questionnaire'!A301 -> 21III4 | C98: =VLOOKUP($B98,'AC Questionnaire'!$A:$G,5,0) -> 0 | F98: =IF(C98="x",VLOOKUP($B98,'AC Questionnaire'!$A:$G,4,0),"")
A99: ='AC Questionnaire'!A303 -> 21IIIa | D99: =VLOOKUP($A99,'AC Questionnaire'!$A:$G,3,0) -> Did the sitting auditor receive the same information as the other statutory auditor(s)/audit firm(s) taking part in the tender process? | F99: =VLOOKUP($A99,'AC Questionnaire'!$A:$G,6,0) -> 0
A100: ='AC Questionnaire'!A309 -> 22III | D100: =VLOOKUP($A100,'AC Questionnaire'!$A:$G,3,0) -> How many statutory auditors/audit firms finally submitted a proposal? (Art 16.3 of AUR) | F100: =VLOOKUP($A100,'AC Questionnaire'!$A:$G,6,0) -> 0
...
